 Dungeon Crawl Stone Soup version 0.29.1-4-g47bece8355 (webtiles) character file.

Game seed: 2598944258807211173

4837 sanboga the Grappler (level 10, -7/100 HPs)
             Began as a Troll Monk on Dec 9, 2022.
             Was a Believer of Makhleb.
             Mangled by Erica
             ... wielding a +4 scimitar of flaming
              (11 damage)
             ... on level 8 of the Dungeon.
             The game lasted 00:09:36 (5888 turns).

sanboga the Grappler (Troll Monk)                   Turns: 5888, Time: 00:09:37

Health: -7/100     AC:  5    Str: 25    XL:     10   Next: 25%
Magic:  9/9        EV: 13    Int:  6    God:    Makhleb [**....]
Gold:   423        SH:  5    Dex: 18    Spells: 9/9 levels left

rFire   . . .      SeeInvis .     - Unarmed
rCold   . . .      Faith    .   (no shield)
rNeg    . . .      Spirit   .   a - +0 robe
rPois   .          Reflect  +   s - +0 hat
rElec   .          Harm     .   l - +0 cloak
rCorr   .          Rampage  .   (gloves unavailable)
Will    .....                   (boots unavailable)
Stlth   ++........              u - amulet of reflection
HPRegen 1.06/turn               i - +6 ring of dexterity
MPRegen 0.11/turn               (no ring)

@: mighty, slowed, very slow
A: large, unfitting armour, claws 3, regeneration 1, shaggy fur 1, tough skin 1
a: Renounce Religion, Minor Destruction


You were on level 8 of the Dungeon.
You worshipped Makhleb.
Makhleb was pleased with you.
You visited 2 branches of the dungeon, and saw 9 of its levels.
You also visited: Sewer.

You collected 423 gold pieces.

Inventory:

Armour
 a - a +0 robe (worn)
 l - a +0 cloak (worn)
 s - a +0 hat (worn)
Jewellery
 i - a +6 ring of dexterity (left claw)
 j - a ring of fire
 u - an amulet of reflection (around neck)
Wands
 m - a wand of digging (7)
 t - a wand of quicksilver (4)
Scrolls
 d - 3 scrolls of vulnerability {unknown}
 e - 7 scrolls of fog {unknown}
 f - 5 scrolls of teleportation {unknown}
 h - a scroll of fear
 o - a scroll of enchant armour
 p - a scroll of enchant weapon {unknown}
 q - 5 scrolls of noise {unknown}
Potions
 b - a potion of ambrosia
 c - 8 potions of curing
 g - a potion of might
 k - 4 potions of mutation
 n - 2 potions of haste
 r - a potion of degeneration {unknown}


   Skills:
 + Level 6.8 Fighting
 + Level 6.8 Dodging
 - Level 1.0 Stealth
 * Level 11.2 Unarmed Combat


You had 9 spell levels left.
You didn't know any spells.
Your spell library contained the following spells:

 Spells                   Type           Power      Damage    Failure   Level
 Frozen Ramparts          Ice            0%         1d1       83%         3
 Ice Form                 Ice/Tmut       0%         N/A       99%         4
 Summon Ice Beast         Ice/Summ       0%         N/A       99%         4
 Summon Mana Viper        Hex/Summ       0%         N/A       100%        5
 Monstrous Menagerie      Summ           0%         N/A       100%        7


Dungeon Overview and Level Annotations

Branches:
Dungeon (8/15)             Temple (1/1) D:7           Sewer (visited)
   Lair: D:8-11

Altars:
Ashenzari
Fedhas
Gozag
Kikubaaqudgha
Makhleb
Okawaru
Qazlal
Vehumet
Wu Jian
Xom
The Shining One

Shops:
D:2 (   D:8 (

Annotations:
D:8 Erica


Innate Abilities, Weirdness & Mutations

You are too large for most types of armour.
You have claws for hands.
Your natural rate of healing is unusually fast.
You are covered in fur. (AC +1)
You have tough skin. (AC +1)


Message History

Erica is moderately wounded.
Erica barely misses you.
You closely miss Erica. You claw Erica.
Erica is heavily wounded.
Erica hits you with a +4 scimitar of flaming!
Erica burns you.
You closely miss Erica.
Erica is moderately wounded.
Erica hits you with a +4 scimitar of flaming!
Erica burns you.
You claw Erica!
Erica is heavily wounded.
Erica points at you and mumbles some strange words.
The bolt of poison hits you!!
You are poisoned.
* * * LOW HITPOINT WARNING * * *
You completely miss Erica.
Erica is heavily wounded.
You feel very sick.
Erica screams, "Hurry, death AWAITS you!"
Erica hits you with a +4 scimitar of flaming!
* * * LOW HITPOINT WARNING * * *
Erica burns you.
* * * LOW HITPOINT WARNING * * *
Erica barely misses you.
You are too injured to fight recklessly!
You feel better.
Erica hits you with a +4 scimitar of flaming!!
* * * LOW HITPOINT WARNING * * *
Erica burns you.
* * * LOW HITPOINT WARNING * * *
You feel very mighty all of a sudden. Erica gestures at you while chanting.
You feel as though you will be slow longer.
Erica casts a spell at you. You resist with significant effort.
You mangle Erica!!
Erica is almost dead.
Erica hits you with a +4 scimitar of flaming!
You die...

# .. #### ##### ...
##..## ##...##....
#....# #.....)....
#....# #..@.......
#####'######## #@## .#
.........#...###..###..#
.............†..........
............†...........
####.##.##.##.##..###.##
#######.##.######## #
............
.............
##.######..##


You could see Erica.

Vanquished Creatures
  Gastronok (D:8)
  Sigmund (D:2)
  A wyvern (D:6)
  A steam dragon (D:8)
  2 water moccasins (D:7)
  Duvessa (D:5)
  An ice beast (D:4)
  3 black bears
  2 ogres (D:5)
  2 sky beasts (D:7)
  6 centaurs (D:6)
  Blork the orc (D:6)
  4 bullfrogs
  A necrophage (D:7)
  A scorpion (D:7)
  13 wights
  Dowan (D:5)
  3 killer bees (D:8)
  2 jellies
  A hound (D:5)
  3 iguanas
  3 orc wizards
  Natasha (thrice) (D:3)
  A gnoll (D:3)
  10 adders
  A shadow imp (D:5)
  A white imp (D:7)
  An ufetubus (D:4)
  A worm (D:4)
  3 dart slugs (D:2)
  15 orcs
  6 ball pythons
  8 endoplasms
  3 giant cockroaches (D:3)
  7 hobgoblins
  2 jackals (D:2)
  9 kobolds
  3 quokkas
  6 bats
  4 frilled lizards
  3 goblins
  A rat (D:1)
  A bush (D:1)
143 creatures vanquished.

Vanquished Creatures (others)
  A human (D:3)
1 creature vanquished.

Grand Total: 144 creatures vanquished

Notes
Turn   | Place    | Note
-------+----------+-------------------------------------------
     0 | D:1      | sanboga the Troll Monk began the quest for the Orb.
     0 | D:1      | Reached XP level 1. HP: 22/22 MP: 0/0
   186 | D:1      | Reached XP level 2. HP: 29/29 MP: 1/1
   871 | D:2      | Found a radiant altar of Vehumet.
   972 | D:2      | Reached XP level 3. HP: 36/36 MP: 2/2
  1000 | D:2      | Found Meessifu's Antique Weapon Shop.
  1073 | D:2      | Identified the +1 helmet of Quantum Leap {Str+2 Int+2}
  1206 | D:2      | Noticed Sigmund
  1221 | D:2      | Killed Sigmund
  1222 | D:2      | Reached skill level 5 in Unarmed Combat
  1222 | D:2      | Reached XP level 4. HP: 43/45 MP: 3/3
  1222 | D:2      | Reached XP level 5. HP: 50/53 MP: 4/4
  1419 | D:3      | Found a glowing drain.
  1444 | Sewer    | Entered a sewer
  1535 | Sewer    | Reached XP level 6. HP: 54/61 MP: 5/5
  1875 | D:3      | Noticed Natasha
  1889 | D:3      | Killed Natasha
  2301 | D:3      | Found an ancient bone altar of Kikubaaqudgha.
  2302 | D:3      | Noticed a human
  2304 | D:3      | Killed a human
  2339 | D:3      | Noticed Natasha
  2346 | D:3      | Killed Natasha
  2734 | D:3      | Noticed Natasha
  2742 | D:3      | Killed Natasha
  3045 | D:4      | Noticed an ice beast
  3052 | D:4      | Killed an ice beast
  3053 | D:4      | Reached skill level 6 in Unarmed Combat
  3053 | D:4      | Reached XP level 7. HP: 62/68 MP: 6/6
  3505 | D:5      | Entered Level 5 of the Dungeon
  3569 | D:5      | Noticed Duvessa
  3569 | D:5      | Noticed Dowan
  3583 | D:5      | Killed Duvessa
  3593 | D:5      | Killed Dowan
  3680 | D:5      | Reached skill level 7 in Unarmed Combat
  3787 | D:5      | Reached XP level 8. HP: 76/79 MP: 7/7
  3989 | D:5      | Found a broken altar of Ashenzari.
  4323 | D:6      | Reached skill level 8 in Unarmed Combat
  4378 | D:6      | Reached skill level 5 in Fighting
  4378 | D:6      | Reached skill level 5 in Dodging
  4694 | D:6      | Found an ornate altar of the Wu Jian Council.
  4726 | D:6      | Noticed Blork the orc
  4738 | D:6      | Killed Blork the orc
  4739 | D:6      | Reached XP level 9. HP: 86/88 MP: 8/8
  5140 | D:6      | Reached skill level 9 in Unarmed Combat
  5470 | D:7      | Reached skill level 10 in Unarmed Combat
  5624 | D:7      | Found a staircase to the Ecumenical Temple.
  5637 | D:7      | Found a glowing golden altar of the Shining One.
  5654 | Temple   | Entered the Ecumenical Temple
  5661 | Temple   | Became a worshipper of Makhleb the Destroyer
  5661 | Temple   | Reached * piety under Makhleb
  5661 | Temple   | Reached ** piety under Makhleb
  5768 | D:8      | Found Dypiro's Weapon Boutique.
  5801 | D:8      | Noticed Gastronok
  5818 | D:8      | Killed Gastronok
  5819 | D:8      | Reached skill level 11 in Unarmed Combat
  5819 | D:8      | Reached XP level 10. HP: 79/100 MP: 9/9
  5875 | D:8      | Noticed Erica
  5886 | D:8      | HP: 3/100 [Erica/+4 scimitar of flaming (18)]
  5886 | D:8      | HP: 1/100 [Erica/+4 scimitar of flaming (2)]
  5888 | D:8      | Mangled by Erica

Illustrated notes

Levels and vault maps discovered:
D:1:      amcnicky_arrival_choice, layout_loops_ring, serial_forest,
          infiniplex_forest_3_way, infiniplex_forest_lined_2,
          infiniplex_forest_lined_4_way, infiniplex_forest_lined_corner,
          infiniplex_forest_straight_2, infiniplex_forest_clump_large,
          minmay_misc_feat_hallway
D:2:      kennysheep_big_flooded_room, layout_loops_ring, serial_shops, shop,
          basic_altar, uniq_sigmund
D:3:      kb_forest_paths, layout_basic, tgw_kikubaaqudgha,
          portal_sewer_entry_f, uniq_natasha
D:4:      layout_loops_cross, kennysheep_path_1
D:5:      nicolae_cairo_tiling_large_dashed, layout_rooms,
          lemuel_coloured_pillars_altar, serial_curves, eino_curves_02,
          eino_curves_04, eino_curves_03, uniq_duvessa
D:6:      layout_basic, nzn_wu_jian_contemplation, centaur_isle,
          uniq_blork_the_orc
D:7:      layout_rooms, mainiacjoe_overflow_alcove_4,
          minmay_temple_entry_antechambers
D:8:      layout_gridville, kennysheep_mini_moat,
          nicolae_hepliaklqana_hazy_memory, lair_entry_dummy, serial_shops,
          shop, minivault_25, uniq_gastronok, uniq_erica
Temple:   nicolae_temple_bog_church

Skill      XL: |  1  2  3  4  5  6  7  8  9 |
---------------+----------------------------+-----
Fighting       | 3 4 5 6 |  6.8
Dodging        | 3 4 5 6 |  6.8
Unarmed Combat | 5 6 7 8 11 | 11.2
Stealth        | |  1.0

Action                   |  1- 3 |  4- 6 |  7- 9 | 10-12 || total
-------------------------+-------+-------+-------+-------++-------
Melee: Unarmed           |   119 |   118 |   170 |    24 ||   431
       Punch             |     7 |     4 |    11 |     2 ||    24
Evoke: Wand              |       |       |    14 |       ||    14
  Use: Scroll            |       |     4 |     5 |       ||     9
       Potion            |       |       |     3 |     2 ||     5
 Stab: Sleeping          |     2 |     3 |     4 |       ||     9
Armor: Robe              |    19 |    28 |    25 |    12 ||    84
Dodge: Dodged            |    29 |    60 |   105 |    12 ||   206
Block: Other             |       |       |     7 |     3 ||    10
